[Event "CCT Airthings Masters Play-In 2023"]
[Site "Online"]
[Date "2023.02.03"]
[Round "2"]
[White "GGuseinov"]
[Black "Denis_Makhnyov"]
[Result "1-0"]
[ECO "C68"]
[WhiteElo "2628"]
[BlackElo "2447"]
[Annotator "TA RC"]
[PlyCount "57"]
[EventDate "2023.02.03"]
[EventType "swiss"]
[EventCountry "NET"]
[SourceTitle "playchess.com"]
[Source "ChessBase"]
[SourceQuality "1"]
[TimeControl "600+2"]

1. e4 e5 2. Nf3 Nc6 3. Bb5 a6 4. Bxc6 dxc6 5. O-O Qd6 6. d3 Bg4 7. Be3 f6 8. Nbd2 O-O-O 9. Qe2 $5 {[%emt 0:00:16][%mdl 4] Leaves trodden paths. C68: Ruy Lopez: Exchange Variation, sidelines.} g5 10. Rfb1 Ne7 11. b4 {[%emt 0:00:38][%cal Bb2b4,Bb4b5][%mdl 32] White is slightly better.} Ng6 12. a4 {[%emt 0:00:01] [#]} Nf4 $146 ({Predecessor:} 12... Bd7 13. Nb3 Nf4 14. Qf1 Qe6 15. Bc5 Bg7 16. c4 Be8 17. Ne1 Bh5 18. Ra2 b6 {0-1 Voronov,Y (2242)-Burdalev,K (2204) Kiev Independence Cup-B 9th 2009 (9)}) 13. Qf1 {[%emt 0:00:03] Threatens to win with b5.} h5 {[%emt 0:01:17] [#]} (13... Qd7 $11 {and Black has nothing to worry.}) 14. b5 $1 $18 c5 15. Nc4 Qe6 16. Bxf4 gxf4 {[%emt 0:00:39] [#]} 17. Nfd2 {[%emt 0:00:30] Excellent horsemanship.} (17. Nh4 $142 $1 f3 18. Nxf3 (18. gxf3 Bh3 $17)) 17... Rg8 {[%emt 0:01:00] Hoping for ...Bh3.} 18. Kh1 $36 {[%emt 0:00:25][%mdl 2048] f3 is the strong threat. White is on the roll.} h4 19. f3 Bh5 20. bxa6 Qxa6 21. Rb5 b6 $2 ({Better is} 21... Be8 $14) 22. d4 h3 (22... exd4 $2 23. Nxb6+ cxb6 24. Rxc5+ Kb7 25. Rc7+ (25. Rxh5 Qxf1+ 26. Rxf1 d3 $14) 25... Kxc7 26. Qxa6 $18) (22... Kb8 $142 23. Nxb6 c6) 23. g4 (23. dxe5 $2 {perishes.} hxg2+ $19) 23... fxg3 {[%emt 0:00:02] Strongly threatening ...g2+.} 24. Qxh3+ (24. dxe5 $2 {loses.} g2+ 25. Kg1 gxf1=Q+ $19) 24... Kb8 {[%emt 0:00:03] aiming for ...Be8.} 25. Qxh5 g2+ 26. Kg1 cxd4 27. Rab1 {[%emt 0:00:05][%cal Rc4b6] Nxb6! would be deadly.} Qxa4 28. Qf7 {[%emt 0:00:09] White threatens Rxb6+ and mate.} Bc5 29. Rxc5 {[%emt 0:00:05] Weighted Error Value: White=0.07 (flawless) /Black=0.63} 1-0

[Event "CCT Airthings Masters Play-In 2023"]
[Site "Online"]
[Date "2023.02.03"]
[Round "2"]
[White "viviania"]
[Black "Anonymous"]
[Result "0-1"]
[ECO "C78"]
[WhiteElo "2615"]
[BlackElo "2437"]
[Annotator "TA"]
[PlyCount "52"]
[EventDate "2023.02.03"]
[EventType "swiss"]
[EventCountry "NET"]
[SourceTitle "playchess.com"]
[Source "ChessBase"]
[SourceQuality "1"]
[TimeControl "600+2"]

1. e4 e5 2. Nf3 Nc6 3. Bb5 a6 4. Ba4 Nf6 5. O-O b5 6. Bb3 Bc5 7. c3 d6 8. a4 Rb8 9. d4 Bb6 10. Na3 O-O 11. axb5 axb5 12. Nxb5 Bg4 13. Bc2 Bxf3 {[%emt 0:00:13] C78: Ruy Lopez: Archangelsk and Möller Defences.} 14. gxf3 Nh5 15. f4 Nxf4 {[%emt 0:00:04] [#] ( -> ...Qg5+). White has an edge.} 16. Bxf4 exf4 17. Na3 Ne7 18. Nc4 c5 19. dxc5 Bxc5 {[%emt 0:00:03] [#]} 20. Kh1 $146 ({Predecessor:} 20. b4 Bb6 21. Qh5 Rc8 22. Bb3 Rxc4 23. Bxc4 Qc8 24. Ra6 Bxf2+ 25. Rxf2 Qxc4 26. Rxd6 Qxc3 {½-½ Ivic,V (2610)-Maghsoodloo,P (2701) Belgrade 2022 (2)}) 20... Ng6 21. f3 (21. b4 $14 Bb6 22. Qxd6 (22. Nxd6 Qf6 $11)) 21... Qc7 22. Qe2 Ne5 {[%emt 0:00:20] ...Nxc4 would be deadly.} 23. Bd3 Rfe8 24. Nxe5 Rxe5 25. Bc4 {[%emt 0:00:04] White is weak on the dark squares} Qe7 26. Bd5 $2 {[%emt 0:00:21][%mdl 8192] [#]} (26. Rfd1 $11) 26... Rxd5 {[%emt 0:00:44][%mdl 64] Pin.   Weighted Error Value: White=0.56/Black=0.08 (flawless)} 0-1

[Event "CCT Airthings Masters Play-In 2023"]
[Site "Online"]
[Date "2023.02.03"]
[Round "2"]
[White "exoticprincess"]
[Black "Sankalp_Gupta"]
[Result "1-0"]
[ECO "C44"]
[WhiteElo "2613"]
[BlackElo "2432"]
[Annotator "TA"]
[PlyCount "113"]
[EventDate "2023.02.03"]
[EventType "swiss"]
[EventCountry "NET"]
[SourceTitle "playchess.com"]
[Source "ChessBase"]
[SourceQuality "1"]
[TimeControl "600+2"]

1. e4 e5 2. Nf3 Nf6 3. d3 Nc6 4. c3 d5 5. Qc2 a5 6. a4 {[%emt 0:00:03] C44: Ponziani Opening and Scotch Gambit.} Bd6 7. Be2 O-O 8. O-O {[%emt 0:00:00] The position is equal.} h6 {[%emt 0:00:06] [#]} 9. Re1 $146 ({Predecessor:} 9. Rd1 Qe7 10. Na3 Rd8 11. Nb5 Bc5 12. h3 Bb6 13. b3 Be6 14. Ba3 {1-0 Narayanan,S (2551)-Svane,R (2573) Titled Tuesday intern Qual4 25th April blitz 2017 (5)}) 9... Be6 10. Na3 dxe4 (10... Bc5 {with more complications.} 11. exd5 Bxd5 12. Nb5 Ng4) 11. dxe4 Bc5 12. h3 {[%emt 0:00:05] Wards off Ng4} Qe7 13. Nb5 Rfd8 14. Bf1 Nh5 15. Be3 Bxe3 16. Rxe3 Nf4 17. Ree1 Rd7 18. Rad1 Rad8 19. Rxd7 Qxd7 20. Kh2 f6 21. Kg1 Kh7 22. Na3 Qf7 23. Nd2 $1 {[%emt 0:00:26] Prevents Bb3.} Ne7 24. Nac4 b6 (24... Neg6 $1 $15 25. Nxa5 Qd7) 25. Ne3 $11 Neg6 26. Nf5 {[%emt 0:00:58] Prevents Nh4} (26. Kh1 $11) 26... Qd7 (26... Bxf5 $15 27. exf5 Nh4) 27. Nf3 $1 Nf8 (27... Ne7 $5 ) 28. g3 N4g6 29. h4 Qf7 30. Nd2 {[%emt 0:00:03][%cal Bf3d2,Bd2c4,Bc4e3,Be3g4][%mdl 32] Inhibits Bb3.} Ne7 31. Ne3 Nc8 32. Rd1 Qg6 33. Be2 Rd7 34. Ndc4 Qf7 ({Black should try} 34... Rxd1+ $14 35. Qxd1 (35. Bxd1 Qf7 $11) 35... Qe8) 35. b4 $1 $16 axb4 36. cxb4 Qe7 37. Nd5 Qd8 38. Nce3 Na7 39. b5 $36 {[%emt 0:00:13][%mdl 2048] Black is under strong pressure.} Bf7 40. Bg4 {[%emt 0:00:04] Black is weak on the light squares} Be6 41. Rc1 (41. Bf5+ $16 Bxf5 42. exf5 (42. Nxf5 Ne6 $16)) 41... Bxg4 $14 42. Nxg4 Ne6 43. Qd2 (43. Qc4 $14 Nc5 44. a5) 43... Rf7 (43... Kh8 $11) 44. Kg2 {[%emt 0:00:15] White is much more active. The black rooks are badly placed.} Nd4 (44... Kh8 $14) 45. Rc4 $2 (45. f4 $1 $18 Qd6 46. Rf1) 45... c6 46. bxc6 Naxc6 47. h5 Ne7 {[%emt 0:00:31] [#]} (47... Qd6 $11 {keeps the balance.}) 48. Ndxf6+ Rxf6 $11 49. Nxf6+ gxf6 50. Qc1 Qa8 51. Qb1 {[%emt 0:00:05] Hoping for Rc7.} Kg7 52. Rc7 Kf7 53. f3 $2 (53. Kh2 $11 {and White is okay.}) 53... Qa5 $2 ({Black should play} 53... Qxa4 $19 {...Qa3 is the strong threat.} 54. Rc1 Qa6) 54. Qa2+ Ne6 55. Rb7 {[%emt 0:00:18] Threatens to win with Qb3.} Qb4 {[%emt 0:00:11] Wards off Qb3} (55... Qa6 $5 56. Rd7 b5 $11) 56. Kh3 {[%emt 0:00:09][%mdl 1024] White has compensation.} Qc5 $2 {[%emt 0:00:34][%mdl 8192] [#]} (56... Qd6 $1 $14) 57. Qb3 $1 {[%emt 0:00:02] Weighted Error Value: White=0.24 (precise) /Black=0.31} 1-0

[Event "CCT Airthings Masters Play-In 2023"]
[Site "Online"]
[Date "2023.02.03"]
[Round "2"]
[White "BilodeauA"]
[Black "Iskusnyh, Sergei"]
[Result "1-0"]
[ECO "C07"]
[WhiteElo "2609"]
[BlackElo "2443"]
[Annotator "TA"]
[PlyCount "75"]
[EventDate "2023.02.03"]
[EventType "swiss"]
[EventCountry "NET"]
[SourceTitle "playchess.com"]
[Source "ChessBase"]
[SourceQuality "1"]
[TimeControl "600+2"]

1. e4 e6 2. d4 d5 3. Nd2 c5 4. exd5 Qxd5 5. dxc5 Nf6 6. Ngf3 {[%emt 0:00:02] C07: French Tarrasch: 3...c5, 4 Ngf3 and 4 exd5 Qxd5.} Qxc5 7. Bd3 Nbd7 8. O-O {[%emt 0:00:02] The position is equal.} Qc7 9. a4 Nc5 10. Bc4 Be7 11. a5 O-O 12. Qe2 Bd7 13. Ne5 {[%emt 0:00:04] [#]} Rad8 $146 ({Predecessor:} 13... Rac8 14. Ndf3 Rfd8 15. Nxd7 Ncxd7 16. b3 h6 17. Bb2 Bb4 18. a6 bxa6 19. Rxa6 Bc5 {1-0 Alekseenko,K (2696)-Indjic,A (2618) Titled Tuesday intern op 01st Sept blitz 2020 (9)}) 14. Nxd7 Ncxd7 15. Nf3 Bd6 16. c3 Bf4 (16... e5 $11) 17. Bxf4 $14 Qxf4 18. g3 (18. a6 $5 ) 18... Qc7 19. Bd3 (19. a6 $1 $14) 19... g6 20. Bc2 Nb8 21. h4 (21. Rfd1 $11) 21... Rd5 $15 22. Ng5 Rxa5 23. Rxa5 Qxa5 24. Qf3 Nbd7 25. Rd1 (25. Qxb7 $11 {remains equal.} Rb8 {[%mdl 64] Deflection} 26. Qf3) 25... Qc7 (25... Qb5 $17 26. b3 a5) 26. Bb3 (26. Ba4 $1 $11) 26... Qc6 (26... h6 $17 27. Ne4 Nxe4 28. Qxe4 Nc5) 27. Qf4 Qb6 28. Ba4 Nh5 29. Qf3 Nc5 30. Be8 {[%emt 0:01:43][%mdl 64] [#] Decoy} Qc7 (30... Rxe8 $2 31. Qxf7+ Kh8 32. Qxh7#) (30... Qxb2 $2 31. Bxf7+ Kh8 32. Qe3 $18 (32. Nxe6 $2 Nxe6 {[%mdl 64] Pin} 33. Rd7 Nc5 $19)) (30... f6 $11 31. Bf7+ Kh8) 31. Bxf7+ $16 Rxf7 $2 (31... Kg7 $16) 32. Qxf7+ $2 ({White must play} 32. Rd8+ $1 $18 Kg7 33. Rc8 {[%mdl 64] Skewer} (33. Qxf7+ Qxf7 34. Nxf7 Kxf7 $16) 33... Qxg3+ 34. Qxg3 Nxg3 35. fxg3) 32... Qxf7 $14 33. Nxf7 Kxf7 34. b4 Ne4 35. Rd7+ Kg8 {[%emt 0:00:06] [#]} (35... Ke8 $1 $14 36. Rxb7 (36. Rxh7 Nd6 $11) 36... Nhf6) 36. c4 $1 $16 {[%emt 0:00:09] White is clearly better.} ({Don't do} 36. Rxb7 $6 Nxc3 37. Rxa7 Nf6 $14) 36... b6 37. Rxa7 Nhf6 38. Re7 {[%emt 0:00:14] Weighted Error Value: White=0.29 (precise) /Black=0.30} 1-0

[Event "CCT Airthings Masters Play-In 2023"]
[Site "Online"]
[Date "2023.02.03"]
[Round "2"]
[White "Fier, Alexandr"]
[Black "chesspanda123"]
[Result "0-1"]
[ECO "E46"]
[WhiteElo "2606"]
[BlackElo "2613"]
[Annotator "NA"]
[PlyCount "74"]
[EventDate "2023.02.03"]
[EventType "swiss"]
[EventCountry "NET"]
[SourceTitle "playchess.com"]
[Source "ChessBase"]
[SourceQuality "1"]
[TimeControl "600+2"]

1. d4 Nf6 2. c4 e6 3. Nc3 Bb4 4. e3 O-O 5. Nge2 Re8 6. a3 Bf8 7. Ng3 d5 8. Be2 b6 9. O-O Bb7 10. cxd5 exd5 11. b4 c6 12. Rb1 Nbd7 13. Bf3 a5 14. b5 c5 15. Nge2 Rc8 16. dxc5 Nxc5 17. Nd4 Nce4 18. Na4 Nd6 19. Qb3 Nc4 20. Rd1 Ne4 21. Ne2 Qh4 22. Ng3 Bd6 23. Bxe4 Rxe4 24. Nxe4 Qxh2+ 25. Kf1 dxe4 26. Nb2 Nxa3 27. Ra1 Qh1+ 28. Ke2 Qh5+ 29. Kf1 Nc2 30. Ra4 Qh1+ 31. Ke2 Qh5+ 32. Kf1 Bb4 33. Kg1 Qxb5 34. Ra2 h6 35. Qa4 Ba6 36. Qb3 Ne1 37. Kh2 Bd6+ 0-1

[Event "CCT Airthings Masters Play-In 2023"]
[Site "Online"]
[Date "2023.02.03"]
[Round "2"]
[White "Shield12"]
[Black "aquarium76"]
[Result "1-0"]
[ECO "C65"]
[WhiteElo "2604"]
[BlackElo "2400"]
[Annotator "NA"]
[PlyCount "109"]
[EventDate "2023.02.03"]
[EventType "swiss"]
[EventCountry "NET"]
[SourceTitle "playchess.com"]
[Source "ChessBase"]
[SourceQuality "1"]
[TimeControl "600+2"]

1. e4 e5 2. Nf3 Nc6 3. Bb5 Nf6 4. d3 Bc5 5. Bg5 h6 6. Bh4 Nd4 7. Nxd4 Bxd4 8. c3 Bb6 9. Nd2 c6 10. Ba4 d6 11. Nc4 Bc7 12. Ne3 Be6 13. Bb3 g5 14. Bg3 Qe7 15. h4 O-O-O 16. Qe2 d5 17. exd5 Nxd5 18. Bxd5 cxd5 19. d4 e4 20. Bxc7 Qxc7 21. g4 Qf4 22. O-O-O h5 23. gxh5 gxh4 24. Kb1 h3 25. c4 dxc4 26. d5 Bd7 27. Rd4 Kb8 28. Nxc4 Bg4 29. Qe3 Qxe3 30. Nxe3 Bc8 31. Rxe4 Rxh5 32. Rh2 Rg5 33. Kc2 Rdg8 34. Rf4 R8g7 35. Kd3 Rg2 36. Rh1 Rg1 37. Rxg1 Rxg1 38. Rh4 Kc7 39. f4 Rg2 40. f5 Rxb2 41. Rxh3 Rxa2 42. Rh7 Kd6 43. Rxf7 Ke5 44. f6 Ra3+ 45. Ke2 Ra6 46. Rc7 Bh3 47. Rh7 Bf5 48. Rh5 Kxf6 49. Rxf5+ Ke7 50. Kd3 Ra4 51. Rh5 b5 52. Nf5+ Kf6 53. Nd4 b4 54. d6 b3 55. d7 1-0

[Event "CCT Airthings Masters Play-In 2023"]
[Site "Online"]
[Date "2023.02.03"]
[Round "2"]
[White "TigrVShlyape"]
[Black "adotand"]
[Result "1/2-1/2"]
[ECO "D02"]
[WhiteElo "2602"]
[BlackElo "2376"]
[Annotator "TA"]
[PlyCount "93"]
[EventDate "2023.02.03"]
[EventType "swiss"]
[EventCountry "NET"]
[SourceTitle "playchess.com"]
[Source "ChessBase"]
[SourceQuality "1"]
[TimeControl "600+2"]

1. d4 Nf6 2. Bf4 e6 3. e3 d5 4. Nf3 c5 5. c3 Nc6 6. Nbd2 Nh5 7. Bg5 {[%emt 0:00:07] D02: 1 d4 d5 2 Nf3 sidelines, including 2...Nf6 3 g3 and 2...Nf6 3 Bf4.} f6 8. Bh4 g6 9. Bd3 {[%emt 0:02:02] The main line 9.Bd3 scores better than 9.Be2.} cxd4 10. cxd4 Be7 11. a3 O-O (11... e5 $5 ) 12. O-O {[%emt 0:00:05] [#]} Ng7 $146 ({Predecessor:} 12... Kh8 13. Rc1 e5 14. dxe5 fxe5 15. Bxe7 Qxe7 16. Bb5 Bd7 17. Nb3 a6 18. Be2 Rad8 {0-1 Ayyad,M (2101)-Kaloust,G (1942) Olympiad-44 Chennai 2022 (9.1)}) 13. Bg3 Bd6 14. b4 a6 15. Nb3 Bxg3 16. hxg3 e5 17. dxe5 fxe5 {[%emt 0:00:02][%cal Bf6e5,Be5e4][%mdl 32] [#] ...e4 would be deadly.} 18. Be2 ({White should try} 18. e4 $16) 18... e4 $14 19. Nfd4 Ne5 20. Rc1 h5 (20... Rf7 $11) 21. Rc3 Bg4 22. f3 exf3 23. Nxf3 Qd6 24. e4 {[%emt 0:00:12] Wards off Nf5} Nxf3+ (24... Bxf3 {simplifies} 25. Bxf3 Nxf3+ 26. Rfxf3 Rxf3 27. Rxf3 Rd8) 25. Bxf3 Qxg3 26. exd5 Nf5 {[%emt 0:00:37][%cal Bg7f5,Bf5g3,Bg3e2][%mdl 32] [#] Hoping for ...Nh4.} 27. Qe1 (27. d6 {is more complex.} Qxd6 28. Bxg4 hxg4 29. Qxg4 Rae8 30. Rcf3) 27... Rae8 28. Qxg3 Nxg3 29. Rd1 Ne2+ 30. Bxe2 Rxe2 31. Rf1 {[%emt 0:00:16] Inhibits Rff2.} Rd8 32. Nd4 (32. Rc7 $5 ) 32... Re7 33. Rc5 b6 34. Nc6 {[%emt 0:00:13][%csl LRd8,LRe7] The position is equal.} Red7 35. Nxd8 bxc5 $11 {[%emt 0:00:02][%mdl 4096] Endgame KRB-KRN} 36. Nc6 cxb4 37. axb4 Kg7 (37... Rxd5 $2 38. Ne7+ Kg7 39. Nxd5 $18) 38. Ne5 Rxd5 39. Nxg4 hxg4 {[%emt 0:00:00] KR-KR} 40. Kh2 Rd4 41. Ra1 Rxb4 42. Rxa6 Kh6 43. Kg3 Kh5 44. Ra5+ g5 45. Ra3 Re4 46. Rb3 Kg6 47. Ra3 {[%emt 0:00:02] Weighted Error Value: White=0.10 (very precise) /Black=0.08 (flawless)} 1/2-1/2

[Event "CCT Airthings Masters Play-In 2023"]
[Site "Online"]
[Date "2023.02.03"]
[Round "2"]
[White "vi_pranav"]
[Black "GasconJR"]
[Result "1/2-1/2"]
[ECO "B89"]
[WhiteElo "2600"]
[BlackElo "2373"]
[Annotator "TA"]
[PlyCount "130"]
[EventDate "2023.02.03"]
[EventType "swiss"]
[EventCountry "NET"]
[SourceTitle "playchess.com"]
[Source "ChessBase"]
[SourceQuality "1"]
[TimeControl "600+2"]

1. e4 c5 2. Nf3 d6 3. d4 cxd4 4. Nxd4 Nf6 5. Nc3 Nc6 6. Bc4 e6 7. Be3 Bd7 {[%emt 0:00:01] 7...a6 is a critical line.} 8. Qe2 Rc8 {[%emt 0:00:03] B89: Sicilian: Velimirovic Attack.} 9. O-O-O Ne5 10. Bb3 {[%emt 0:00:23] [#]} Rxc3 $1 {[%emt 0:00:03] Black has an edge.} 11. bxc3 {[%emt 0:00:01] Black must now prevent Bg5.} Nxe4 {[%emt 0:00:01] A dynamic duo of knights.} 12. Bd2 {[%emt 0:00:24] [#]} d5 $146 ({Predecessor:} 12... Nxd2 13. Rxd2 Qa5 14. Kb1 Be7 15. f4 Ng6 16. Qf3 O-O 17. Qxb7 Rd8 18. Rf1 Qxc3 {1-0 Borik,O (2395)-Ueter,H Bochum SG 31 op 5th 1979 (4)}) 13. f3 Ba3+ 14. Kb1 Nxd2+ 15. Qxd2 ({Better is} 15. Rxd2 $15 Ng6 16. c4 (16. Bxd5 $2 Nf4 $19)) 15... O-O 16. Rhe1 Qc7 {[%emt 0:00:20][%mdl 1024] And now ...a5 would win. Black has strong compensation.} 17. f4 (17. Qe3 $17 {was necessary.} Ng6 18. c4) 17... Ng4 $1 $19 18. f5 {[%emt 0:01:17][%cal Rf5e6] [#]} Nf2 19. f6 {[%emt 0:01:47] [#]} (19. Qxf2 $2 Qxc3 20. fxe6 Qb2#) (19. Nb5 $17 Bxb5 20. Qxf2) 19... Rc8 $1 20. Nxe6 $1 $15 fxe6 ({But not} 20... Bxe6 21. Qxf2 Qxc3 22. Qd4 $14 (22. Qxa7 $2 Qb2#)) 21. Qxf2 Qxc3 (21... Qxh2 $2 22. Rxd5 Be8 23. Ra5 $18) 22. f7+ (22. Qd4 $15) 22... Kf8 $1 $17 23. Qd4 Kxf7 ({Black should play} 23... Qxd4 $17 24. Rxd4 b5) 24. Rf1+ {[%emt 0:00:14] White is weak on the dark squares} Kg8 25. Rf3 (25. Qxc3 $1 $11 {keeps the balance.} Rxc3 26. Rd3) 25... Qxd4 26. Rxd4 b5 $2 {[%emt 0:00:20] [#]} (26... Bc5 $1 $17 {[%cal Rc5d4] stays on course.} 27. Rd1 b5) 27. Rxd5 $16 exd5 28. Bxd5+ {[%emt 0:00:01][%mdl 64] Discovered Attack} Kh8 29. Rxa3 {[%emt 0:00:01][%mdl 4096] Endgame KRB-KRB} Bf5 (29... Rc7 $16) 30. Bb3 $2 (30. Rxa7 $18 {Hoping for Ra8.} Bxc2+ 31. Kb2) 30... Rc7 31. Ra5 Bd7 32. Kb2 g6 33. Ra6 Kg7 34. g3 g5 35. c3 h6 36. Bd5 Be8 37. Kb3 Re7 38. Kb4 h5 {[%emt 0:00:11] [#]} (38... Rc7 $14) 39. Re6 $1 {[%emt 0:00:49] White is more active.} Rxe6 40. Bxe6 {[%emt 0:00:00] KB-KB} Kf6 {[%emt 0:00:00] [#] Against Bf5} 41. Bc8 Ke5 42. Ba6 Ke4 $2 (42... Bf7 $16) 43. Bxb5 $18 Bf7 44. Bc6+ (44. c4 $18 {is the precise move to win.}) 44... Ke3 45. a4 (45. c4 $18) 45... Kf2 $1 $14 46. c4 g4 $2 (46... Kg1 $14) 47. c5 Kg1 48. Bd7 Bd5 49. Be8 $2 ({White has to play} 49. c6 $18 Kxh2 50. c7) 49... Kxh2 $11 {[%emt 0:00:01] aiming for ...h4. The position is equal.} 50. Bxh5 Kxg3 51. Kb5 Kf4 {[%emt 0:00:02] ( -> ...g3)} 52. Bxg4 Kxg4 {[%emt 0:00:00] KB-KPP} 53. Ka6 Kf5 54. Kxa7 Ke6 55. Kb6 Kd7 56. a5 Ba8 57. Ka7 Bc6 58. Kb6 Bd5 59. a6 Ba8 60. Ka7 Bc6 61. Kb8 Bd5 62. a7 Bc6 63. a8=B Bxa8 64. Kxa8 {[%emt 0:00:00] Kb7 would kill now.} Kc6 65. Ka7 Kxc5 {[%emt 0:00:00] What a bad dream for Black. An interesting game.   Weighted Error Value: White=0.33/Black=0.26 (precise)} 1/2-1/2

[Event "CCT Airthings Masters Play-In 2023"]
[Site "Online"]
[Date "2023.02.03"]
[Round "2"]
[White "Msb2"]
[Black "VitaliyBernadskiy"]
[Result "1-0"]
[ECO "D85"]
[WhiteElo "2591"]
[BlackElo "2372"]
[Annotator "TA"]
[PlyCount "61"]
[EventDate "2023.02.03"]
[EventType "swiss"]
[EventCountry "NET"]
[SourceTitle "playchess.com"]
[Source "ChessBase"]
[SourceQuality "1"]
[TimeControl "600+2"]

1. d4 Nf6 2. c4 g6 3. Nc3 d5 4. cxd5 Nxd5 5. e4 Nxc3 6. bxc3 Bg7 7. Nf3 c5 8. Bb5+ Nc6 9. O-O O-O {[%emt 0:00:27] The main line 9...0-0 scores better than 9...cxd4.} 10. Bxc6 bxc6 11. Qc2 {[%emt 0:00:01] D85: Exchange Grünfeld: Unusual White 7th moves and lines with 7 Nf3.} Qc7 12. Ba3 cxd4 13. cxd4 {[%emt 0:00:01] The position is equal.} Bg4 {[%emt 0:00:02] [#]} 14. Ne5 Bxe5 15. dxe5 Qxe5 16. h3 {[%emt 0:00:14] [#]} Be6 $146 ({Predecessor:} 16... Bd7 17. Rad1 Rfd8 18. f4 Qe6 19. Kh1 Be8 20. f5 Qe5 21. Bb2 Qa5 22. f6 exf6 23. Bxf6 Rxd1 24. Rxd1 {½-½ Goryachkina,A (2610)-Abdumalik,Z (2491) Wch Blitz (Women) 2021 (8)}) 17. Bxe7 ({But not} 17. Qxc6 Rac8 18. Qa4 Bxh3 19. gxh3 Qg5+ 20. Kh2 (20. Kh1 Rc3 $17) 20... Qf4+ 21. Kg2 (21. Kg1 Qg5+ 22. Kh2 Qf4+ 23. Kg1 Qg5+ $11) 21... Qg5+ 22. Kh2 (22. Kh1 Rc3 $17) 22... Qf4+ 23. Kg2 (23. Kg1 Qg5+ 24. Kh2 $11) 23... Rc3 24. Bxe7 (24. Qxa7 $2 Qf3+ 25. Kg1 Qxh3 $19) (24. f3 Rfc8 $17) 24... Qf3+ 25. Kg1 Qxh3 $11) 17... Rfe8 18. Ba3 Rab8 {[%emt 0:00:29] Prevents Bb2} 19. Rad1 Qa5 20. Rd3 c5 21. Qc1 (21. Qxc5 $2 {perishes.} Qxc5 22. Bxc5 Bc4 $19) (21. Bxc5 {simplifies} Qxa2 22. Qxa2 Bxa2 23. Ra3) 21... c4 22. Rg3 Qe5 {[%emt 0:00:05] Prevents Bb2.} 23. f4 Qxe4 24. Bb2 Qe2 $2 {[%emt 0:00:51][%mdl 8192] [#]} (24... Rf8 $11) 25. Ba1 $1 $18 {[%emt 0:00:24] Hoping for Qc3.} Rf8 (25... Qxa2 $2 26. Qc3 $18) (25... Bf5 $142) 26. f5 {[%emt 0:00:14] White is clearly winning.} Bxf5 27. Rxf5 Rfd8 (27... Qxa2 $142 28. Rf1 Qa5 29. Qxc4 Qb4) 28. Qc3 Rd1+ 29. Kh2 Rxa1 30. Qxa1 Rb2 31. Qf1 {[%emt 0:00:11] Weighted Error Value: White=0.09 (flawless) /Black=0.51} 1-0

[Event "CCT Airthings Masters Play-In 2023"]
[Site "Online"]
[Date "2023.02.03"]
[Round "2"]
[White "jcibarra"]
[Black "kpio91"]
[Result "1/2-1/2"]
[ECO "C10"]
[WhiteElo "2590"]
[BlackElo "2346"]
[Annotator "NA"]
[PlyCount "232"]
[EventDate "2023.02.03"]
[EventType "swiss"]
[EventCountry "NET"]
[SourceTitle "playchess.com"]
[Source "ChessBase"]
[SourceQuality "1"]
[TimeControl "600+2"]

1. e4 e6 2. d4 d5 3. Nc3 Nf6 4. Bg5 dxe4 5. Nxe4 Nbd7 6. Nf3 h6 7. Nxf6+ Nxf6 8. Be3 Bd6 9. Bb5+ c6 10. Bd3 Qc7 11. O-O b6 12. Re1 Bb7 13. a4 O-O 14. a5 c5 15. h3 bxa5 16. c3 Nd5 17. dxc5 Bxc5 18. Bxc5 Qxc5 19. Qa4 Rfd8 20. Be4 Rab8 21. Qxa5 Qxa5 22. Rxa5 Nf6 23. Bxb7 Rxb7 24. Re2 Rd1+ 25. Kh2 Rb1 26. Ra2 Nd5 27. g3 f6 28. Nd4 e5 29. Nc6 Nb6 30. Re4 Rd7 31. b4 Nd5 32. Rc4 Nb6 33. Rc5 Rdd1 34. Re2 Na4 35. Ne7+ Kf7 36. Rc7 Ke6 37. Nc6 Nxc3 38. Nd8+ Rxd8 39. Rxc3 Rxb4 40. Ra2 Rb7 41. Rca3 Rdd7 42. Ra6+ Kf5 43. Kg2 h5 44. R2a3 Rdc7 45. Kf3 Kg5 46. R6a5 Rd7 47. Kg2 Kh6 48. Ra6 Rbc7 49. Ra2 Kg5 50. R2a5 h4 51. gxh4+ Kxh4 52. Ra4+ Kg5 53. R6a5 Kf5 54. Kg3 Rc3+ 55. Kg2 Rcc7 56. Kg3 g5 57. Kg2 Rc2 58. Ra3 Rcc7 59. Ra6 Kg6 60. Re3 Re7 61. Rf3 Rf7 62. Re3 Kg7 63. Rea3 Rcd7 64. Kg3 Kg6 65. Re3 Rde7 66. Rea3 Kh5 67. Rc3 e4 68. Rcc6 Kg6 69. Rc3 Rc7 70. Rca3 Rcd7 71. Kg2 Rfe7 72. R6a4 f5 73. Ra6+ Kg7 74. R3a5 Rf7 75. Re5 Rde7 76. Rea5 Kh7 77. Kf1 Kg7 78. Kg2 Rc7 79. Ra2 Rc3 80. Rxa7 Rxa7 81. Rxa7+ Kg6 82. Ra6+ Kh5 83. Re6 Rc5 84. Kg3 Rb5 85. Kg2 Ra5 86. Kh2 Rd5 87. Kg2 g4 88. hxg4+ Kxg4 89. f3+ exf3+ 90. Kf2 Rd2+ 91. Kf1 Kg3 92. Rg6+ Kf4 93. Rg8 Ra2 94. Rb8 Ra4 95. Kf2 Rc4 96. Ra8 Rd4 97. Rb8 Rd2+ 98. Kf1 Re2 99. Ra8 Kg4 100. Rg8+ Kf4 101. Ra8 Rb2 102. Rc8 Rb1+ 103. Kf2 Rb2+ 104. Kf1 Rd2 105. Ra8 Rd4 106. Kf2 Rc4 107. Rb8 Ra4 108. Rh8 Ra2+ 109. Kf1 f2 110. Rh3 Kg4 111. Rb3 f4 112. Rc3 f3 113. Rxf3 Ra1+ 114. Kg2 Rg1+ 115. Kxf2 Rf1+ 116. Kxf1 Kxf3 1/2-1/2